 Dungeon Crawl Stone Soup version 0.29.1-1-gd02db6906a (webtiles) character file.

Game seed: 1237151844689486221

60 RascalDebosk the Stinger (level 4, 0/30 HPs)
             Began as a Merfolk Venom Mage on Sept 25, 2022.
             Slain by an iguana (9 damage)
             ... on level 3 of the Dungeon.
             The game lasted 00:21:10 (2842 turns).

RascalDebosk the Stinger (Merfolk Venom Mage)       Turns: 2842, Time: 00:21:11

Health: 0/30       AC:  5    Str:  8    XL:     4   Next: 6%
Magic:  0/7        EV: 13    Int: 16    God:
Gold:   97         SH:  0    Dex: 14    Spells: 1/7 levels left

rFire   . . .      SeeInvis .   s - +0 dagger (flame)
rCold   . . .      Faith    .   (no shield)
rNeg    . . .      Spirit   .   a - +0 robe
rPois   .          Reflect  .   j - +0 helmet
rElec   .          Harm     .   (no cloak)
rCorr   +          Rampage  .   (no gloves)
Will    .....                   o - +1 pair of boots
Stlth   ++........              (no amulet)
HPRegen 0.10/turn               q - ring of resist corrosion
MPRegen 0.10/turn               (no ring)

@: no status effects
A: (nimble swimmer 2), mertail
a: no special abilities


You were on level 3 of the Dungeon.
You visited 1 branch of the dungeon, and saw 3 of its levels.

You collected 97 gold pieces.

Inventory:

Hand Weapons
 d - a +0 club
 s - a +0 dagger of flaming (weapon)
Armour
 a - a +0 robe (worn)
 j - a +0 helmet (worn)
 o - a +1 pair of boots (worn)
Jewellery
 q - a ring of resist corrosion (left hand)
Scrolls
 e - 4 scrolls of identify {unknown}
 i - a scroll of acquirement {unknown}
 k - 2 scrolls of enchant weapon {unknown}
 l - a scroll of teleportation {unknown}
 p - a scroll of vulnerability {unknown}
Potions
 b - 4 potions of magic
 c - a potion of cancellation {unknown}
 f - a potion of haste {unknown}
 g - a potion of lignification {unknown}
 h - 3 potions of curing {unknown}
 m - 2 potions of ambrosia {unknown}
 n - a potion of heal wounds {unknown}
 r - a potion of berserk rage {unknown}


   Skills:
 + Level 3.3 Dodging
 + Level 2.8 Stealth
 + Level 2.4 Spellcasting
 + Level 2.2 Transmutations
 + Level 3.7 Poison Magic
 + Level 1.3 Invocations


You had one spell level left.
You knew the following spells:

 Your Spells              Type           Power      Damage    Failure   Level
a - Sting                 Tmut/Pois      44%        1d5       6%          1
b - Poisonous Vapours     Pois/Air       14%        N/A       14%         2
c - Mephitic Cloud        Conj/Pois/Air  5%         N/A       34%         3

Your spell library contained the following spells:

 Spells                   Type           Power      Damage    Failure   Level
 Slow                     Hex            4%         N/A       21%         1
 Scorch                   Fire           2%         2d5       30%         2
 Olgreb's Toxic Radiance  Pois           13%        N/A       41%         4
 Confusing Touch          Hex            1%         N/A       52%         3
 Vampiric Draining        Necr           1%         2d6       52%         3
 Corpse Rot               Necr/Pois/Air  5%         N/A       75%         4
 Flame Wave               Conj/Fire      1%         2d4       89%         4
 Summon Cactus Giant      Summ           0%         N/A       100%        6


Dungeon Overview and Level Annotations

Branches:
Dungeon (3/15)

Altars:


Innate Abilities, Weirdness & Mutations

((You are very nimble when in or above water. (Stealth+, EV+, Speed+++)))
Your lower body shifts to a powerful aquatic tail in water.


Message History

The giant cockroach is heavily wounded.
The giant cockroach bites you but does no damage.
You hit the giant cockroach but do no damage.
The giant cockroach is severely wounded.
The giant cockroach bites you.
You barely miss the giant cockroach.
The giant cockroach is almost dead.
You kill the giant cockroach!
You see here a giant cockroach corpse.
The goblin shouts!
Casting: Poisonous Vapours (safe; 14% risk of failure)
Confirm with . or Enter, or press ? or * to list all spells.
Aiming: Poisonous Vapours (safe; 14% risk of failure)
Press: ? - help, Dir - move target, f - goblin
Aim: a goblin, wielding a +0 dagger Poisonous vapours surround the goblin!
The goblin is poisoned.
You kill the goblin!
A hobgoblin comes into view.
An iguana comes into view.
Casting: Poisonous Vapours (safe; 14% risk of failure)
Confirm with . or Enter, or press ? or * to list all spells.
Aiming: Poisonous Vapours (safe; 14% risk of failure)
Press: ? - help, Dir - move target, f - iguana
Aim: an iguana (wandering, hasn't noticed you) Poisonous vapours surround the iguana!
The iguana is poisoned.
* * * LOW MAGIC WARNING * * *
Casting: Poisonous Vapours (safe; 14% risk of failure)
Confirm with . or Enter, or press ? or * to list all spells.
Aiming: Poisonous Vapours (safe; 14% risk of failure)
Press: ? - help, Dir - move target, f/p - iguana
Aim: an iguana (poisoned)
You miscast Poisonous Vapours.
You are very lightly contaminated with residual magic.
Nothing appears to happen.
* * * LOW MAGIC WARNING * * *
The iguana closely misses you.
You hit the iguana but do no damage.
The iguana is lightly wounded.
The iguana closely misses you.
You barely miss the iguana.
The iguana is lightly wounded.
The iguana barely misses you.
You hit the iguana but do no damage.
The iguana is lightly wounded.
The iguana bites you!
You barely miss the iguana.
The iguana is lightly wounded.
The iguana completely misses you.
You closely miss the iguana.
The iguana is lightly wounded.
The iguana looks more healthy.
The iguana misses you.
You hit the iguana but do no damage.
The iguana is lightly wounded.
The iguana hisses menacingly.
The iguana misses you.
You hit the iguana but do no damage.
The iguana is lightly wounded.
The iguana barely misses you.
Your magical contamination has completely faded away.
You closely miss the iguana.
The iguana is lightly wounded.
The iguana barely misses you.
You closely miss the iguana.
The iguana is lightly wounded.
The iguana barely misses you.
You hit the iguana but do no damage.
The iguana is lightly wounded.
The iguana bites you but does no damage.
You completely miss the iguana.
The iguana is lightly wounded.
The iguana barely misses you.
You hit the iguana but do no damage.
The iguana is lightly wounded.
The iguana barely misses you.
You barely miss the iguana. You punch the iguana.
The iguana is moderately wounded.
The iguana bites you!
* * * LOW HITPOINT WARNING * * *
Aiming: Sting (safe; 6% risk of failure)
Press: ? - help, Q - select action, (/) - cycle Shift-Dir - straight line, f/p - iguana
Aim: an iguana (moderately wounded, 75% to hit)
The sting hits the iguana.
The iguana is poisoned.
The iguana is heavily wounded.
* * * LOW MAGIC WARNING * * *
The iguana closely misses you. The iguana attacks as you move away!
The iguana closely misses you. The iguana attacks as you move away!
The iguana closely misses you.
The iguana looks more healthy.
Casting: Sting (safe; 6% risk of failure)
Confirm with . or Enter, or press ? or * to list all spells.
Aiming: Poisonous Vapours (safe; 14% risk of failure)
Press: ? - help, Dir - move target, f/p - iguana
Aim: an iguana (heavily wounded) Poisonous vapours surround the iguana!
The iguana is poisoned.
* * * LOW MAGIC WARNING * * *
The iguana bites you.
* * * LOW HITPOINT WARNING * * *
The iguana barely misses you. The iguana attacks as you move away!
The iguana bites you!
You die...

#.......#.#.......#
...#.#.#.#.......#
#.....#.#.......#
#.....#.#.......#
###.....#.#...)...#...
......................
..#.#...#†#.......#...
###l#.###.....# #@#.#
#####.# #.#.# .# #.#.#
# ######.#.#####
#............#
#............#
#............#
#.####............#
#........†........#


You could see an iguana (poisoned).

Vanquished Creatures
  3 worms (D:2)
  A dart slug (D:1)
  A ball python (D:1)
  3 bats
  5 endoplasms
  2 giant cockroaches
  4 goblins
  5 hobgoblins
  3 jackals (D:1)
  7 kobolds
  3 quokkas
  3 frilled lizards
  3 rats
43 creatures vanquished.

Notes
Turn   | Place    | Note
-------+----------+-------------------------------------------
     0 | D:1      | RascalDebosk the Merfolk Venom Mage began the quest for the
                  | Orb.
     0 | D:1      | Reached XP level 1. HP: 13/13 MP: 3/3
   114 | D:1      | Reached XP level 2. HP: 15/19 MP: 0/5
   119 | D:1      | Learned a level 2 spell: Poisonous Vapours
   942 | D:1      | Reached XP level 3. HP: 24/24 MP: 0/6
  1086 | D:1      | Found a faded altar of an unknown god.
  1481 | D:2      | Learned a level 3 spell: Mephitic Cloud
  1546 | D:2      | Reached skill level 1 in Invocations
  2561 | D:2      | Reached XP level 4. HP: 26/30 MP: 1/7
  2842 | D:3      | Slain by an iguana

Illustrated notes

Levels and vault maps discovered:
D:1:      psy_arrival_conway, layout_rooms,
          shapermc_ecumenical_altar_notcrosses, minmay_tall_x
D:2:      layout_basic, corner_web_ring
D:3:      layout_basic, uniq_sigmund

Skill      XL: |  1  2  3 |
---------------+----------+-----
Dodging        | 3 |  3.3
Transmutations | 2 |  2.2
Invocations    | 1 |  1.3
Stealth        | |  2.8
Spellcasting   | |  2.4
Poison Magic   | |  3.7

Action                   |  1- 3 |  4- 6 || total
-------------------------+-------+-------++-------
Melee: Club              |    26 |       ||    26
       Dagger            |    36 |    16 ||    52
       Punch             |       |     1 ||     1
 Cast: Sting             |    53 |     2 ||    55
       Poisonous Vapours |    23 |     5 ||    28
 Stab: Sleeping          |     1 |       ||     1
Armor: Robe              |     8 |     2 ||    10
Dodge: Dodged            |    41 |    15 ||    56
